 Dungeon Crawl Stone Soup version 0.25.0-26-g0c896c7088 (webtiles) character file.

Game seed: 13652660985063770120

145 Viridis the Skirmisher (level 5, -5/46 HPs)
             Began as a Hill Orc Fighter on July 1, 2020.
             Asphyxiated
             ... on level 3 of the Dungeon.
             The game lasted 00:21:37 (3562 turns).

Viridis the Skirmisher (Hill Orc Fighter)           Turns: 3562, Time: 00:21:37

Health: -5/46      AC: 16    Str: 20    XL:     5   Next: 27%
Magic:  5/5        EV:  0    Int:  8    God:
Gold:   163        SH:  9    Dex: 10    Spells: 4/4 levels left

rFire    x . .     SeeInvis .   a - +0 war axe
rCold    + . .     Gourm    .   c - +0 kite shield
rNeg     . . .     Faith    .   t - +0 crystal plate armour
rPois    .         Spirit   .   (no helmet)
rElec    .         Reflect  .   (no cloak)
rCorr    .         Harm     .   (no gloves)
MR       .....                  (no boots)
Stlth    ..........             (no amulet)
HPRegen  0.15/turn              e - ring of ice
MPRegen  0.09/turn              (no ring)

@: lethally poisoned (-5 -> -39)
A: no striking features
a: no special abilities


You were on level 3 of the Dungeon.
You were not hungry.

You visited 1 branch of the dungeon, and saw 3 of its levels.

You collected 163 gold pieces.

Inventory:

Hand Weapons
 a - a +0 war axe (weapon)
 g - a cursed -1 dagger
 m - a +0 hunting sling
Missiles
 h - 115 arrows
 n - 13 stones (quivered)
 s - 7 poisoned darts
Armour
 b - a +2 scale mail
 c - a +0 kite shield (worn)
 k - a +0 scale mail
 t - a +0 crystal plate armour (worn)
Jewellery
 e - a ring of ice (left hand)
 j - an uncursed ring of stealth {unknown}
Scrolls
 l - 2 scrolls of teleportation
 o - 2 scrolls of fear
 q - a scroll of blinking
Potions
 d - a potion of might
 i - a potion of haste {unknown}
 p - a potion of stabbing {unknown}
Comestibles
 f - 4 rations


   Skills:
 + Level 4.3 Fighting
 + Level 3.6 Axes
 + Level 4.2 Armour
 + Level 1.0 Dodging
 + Level 0.8 Stealth
 + Level 4.3 Shields


You had 4 spell levels left.
You didn't know any spells.
Your spell library was empty.

Dungeon Overview and Level Annotations

Branches:
Dungeon (3/15)

Altars:
Uskayaw
Xom


Message History

You feel very sick.
* * * LOW HITPOINT WARNING * * *
You feel very sick.
* * * LOW HITPOINT WARNING * * *
You feel very sick.
* * * LOW HITPOINT WARNING * * *
You feel sick.
It was a potion of cancellation.
Your magical effects are unravelling.
You feel magically purged.
You feel yourself speed up.
* * * LOW HITPOINT WARNING * * *
You feel very sick.
The kobold throws a curare-tipped dart.
You block the curare-tipped dart.
* * * LOW HITPOINT WARNING * * *
You feel sick.
The kobold throws a curare-tipped dart.
The curare-tipped dart hits you.
You are more poisoned.
You have difficulty breathing.
You die...

##.......##.#
#.#### ####.#### .#
#÷#≈_# #.# .#
#.##.# #.. .#
#..'.# ....
######[##.# ###
###......#≈_#...###
.........####......
##.......##....#
#####@....##
##.......##
#.........#
##.......##
########.....##
.......((.....#
###.##.K#..##.#
#..#.## .# .=.....
..


You could see a kobold.

Vanquished Creatures
  An orc priest (D:3)
  6 adders
  A worm (D:2)
  4 dart slugs
  3 leopard geckos
  5 bats
  5 giant cockroaches
  10 goblins
  2 hobgoblins
  3 jackals (D:2)
  A frilled lizard (D:1)
  4 kobolds
  3 rats
  3 bushes (D:1)
  A fungus (D:1)
52 creatures vanquished.

Notes
Turn   | Place    | Note
-------+----------+-------------------------------------------
     0 | D:1      | Viridis the Hill Orc Fighter began the quest for the Orb.
     0 | D:1      | Reached XP level 1. HP: 19/19 MP: 1/1
   156 | D:1      | Reached XP level 2. HP: 17/27 MP: 2/2
  1243 | D:1      | Reached XP level 3. HP: 33/33 MP: 3/3
  2475 | D:2      | Reached XP level 4. HP: 40/40 MP: 4/4
  3112 | D:3      | Reached skill level 1 in Dodging
  3287 | D:3      | Found a shimmering altar of Xom.
  3287 | D:3      | Found a hide-covered altar of Uskayaw.
  3314 | D:3      | Reached XP level 5. HP: 15/46 MP: 5/5
  3562 | D:3      | Asphyxiated

Illustrated notes

Levels and vault maps discovered:
D:1:      tarquinn_simple_flora_water_f, layout_basic
D:2:      layout_basic
D:3:      layout_loops_cross, gammafunk_temple_overflow_elements,
          trog_butcher_becter

Skill      XL: |  1  2  3  4 |
---------------+-------------+-----
Fighting       | 4 |  4.3
Axes           | 3 |  3.6
Armour         | 4 |  4.2
Shields        | 4 |  4.3
Dodging        | 1 |  1.0
Stealth        | |  0.8

Action                   |  1- 3 |  4- 6 || total
-------------------------+-------+-------++-------
Melee: War axe           |   264 |    69 ||   333
Throw: Stone             |     5 |     1 ||     6
  Use: Scroll            |     9 |       ||     9
       Potion            |       |     1 ||     1
  Eat: Chunk             |     2 |     4 ||     6
       Ration            |     1 |       ||     1
Armor: Scale mail        |    70 |     7 ||    77
       Crystal plate arm |       |    26 ||    26
Dodge: Dodged            |    40 |    12 ||    52
Block: Kite shield       |    64 |    35 ||    99
